 Dungeon Crawl Stone Soup version 0.29-a0-414-g5075937ec3 (webtiles) character file.

Game seed: 6741686492431202575

13126 jfcaron the Thaumaturge (level 12, -1/89 HPs)
             Began as a Gnoll Air Elementalist on May 15, 2022.
             Was an Elder of Zin.
             Slain by a five-headed hydra (11 damage)
             ... on level 2 of the Lair of Beasts.
             The game lasted 00:40:21 (14321 turns).

jfcaron the Thaumaturge (Gnoll Air Elementalist)   Turns: 14321, Time: 00:40:22

Health: -1/89      AC: 11    Str:  7    XL:     12   Next: 2%
Magic:  21/24      EV: 16    Int: 19    God:    Zin [****..]
Gold:   147        SH:  0    Dex: 14    Spells: 16/28 levels left

rFire   + + .      SeeInvis .   z - +2 dagger (venom)
rCold   . . .      Faith    .   (no shield)
rNeg    . . .      Spirit   .   e - +1 robe "Donauxuk" {rElec rF+ Slay+3}
rPois   .          Reflect  .   u - +0 helmet
rElec   +          Harm     .   i - scarf {shadows}
rCorr   .          Rampage  .   s - +0 pair of gloves
Will    .....                   g - +0 pair of boots
Stlth   ++++......              (no amulet)
HPRegen 0.24/turn               R - +4 ring of protection
MPRegen 0.19/turn               y - ring of protection from fire

@: about to teleport, on blink cooldown
A: fangs 1, strong nose, distributed training
a: Renounce Religion, Recite, Vitalisation, Imprison, Donate Gold


You were on level 2 of the Lair of Beasts.
You worshipped Zin.
Zin was greatly pleased with you.
You visited 2 branches of the dungeon, and saw 10 of its levels.
You also visited: Ossuary and Bailey.

You collected 496 gold pieces.
You spent 300 gold pieces at shops.
You donated 49 gold pieces to Zin.

Inventory:

Hand Weapons
 f - a +3 dagger
 l - a +2 broad axe of venom
 t - a +2 dagger of freezing
 x - a +2 falchion of flaming
 z - a +2 dagger of venom (weapon)
Missiles
 c - 9 poisoned darts
 p - 4 curare-tipped darts {!f}
 v - 3 atropa-tipped darts
 B - 5 boomerangs
Armour
 e - the +1 robe "Donauxuk" (worn) {rElec rF+ Slay+3}
   (You found it on level 4 of the Dungeon)

   Slay:      It affects your accuracy & damage with ranged weapons and melee
   (+3).
   rF:        It protects you from fire.
   rElec:     It insulates you from electricity.
 g - a +0 pair of boots (worn)
 i - a scarf of shadows (worn)
 s - a +0 pair of gloves (worn)
 u - a +0 helmet (worn)
Magical Staves
 U - a staff of poison
Jewellery
 n - a ring of positive energy
 q - a ring of ice
 y - a ring of protection from fire (right hand)
 Q - an amulet of magic regeneration
 R - a +4 ring of protection (left hand)
Wands
 a - a wand of digging (4)
 h - a wand of flame (20)
 m - a wand of acid (1)
 V - a wand of paralysis (2)
Scrolls
 j - a scroll of enchant weapon {unknown}
 k - a scroll of blinking {unknown}
 r - 4 scrolls of amnesia
 w - a scroll of vulnerability
 G - 5 scrolls of fog
 H - 3 scrolls of teleportation
 K - 2 scrolls of immolation
 M - a scroll of acquirement {unknown}
 N - 5 scrolls of enchant armour {unknown}
 P - a scroll of fear {unknown}
 S - 2 scrolls of summoning {unknown}
Potions
 b - a potion of magic
 d - a potion of flight
 o - a potion of brilliance
 A - 4 potions of attraction
 C - 3 potions of haste
 D - a potion of berserk rage
 E - 7 potions of curing
 F - a potion of heal wounds
 I - 2 potions of cancellation
 J - a potion of resistance {unknown}
 L - 3 potions of might
 O - a potion of mutation {unknown}
 T - a potion of invisibility {unknown}


   Skills:
 + Level 6.8 Fighting
 + Level 6.8 Short Blades
 + Level 6.8 Long Blades
 + Level 6.8 Axes
 + Level 6.8 Maces & Flails
 + Level 6.8 Polearms
 + Level 6.8 Staves
 + Level 6.8 Slings
 + Level 6.8 Bows
 + Level 6.8 Crossbows
 + Level 6.8 Throwing
 + Level 6.8 Armour
 + Level 8.3 Dodging
 + Level 8.1 Stealth
 + Level 6.8 Shields
 + Level 6.8 Unarmed Combat
 + Level 8.6 Spellcasting
 + Level 6.1 Conjurations
 + Level 5.6 Hexes
 + Level 5.6 Summonings
 + Level 5.6 Necromancy
 + Level 5.6 Translocations
 + Level 5.6 Transmutations
 + Level 5.6 Fire Magic
 + Level 5.6 Ice Magic
 + Level 8.0 Air Magic
 + Level 5.6 Earth Magic
 + Level 5.6 Poison Magic
 + Level 7.5 Invocations
 + Level 6.8 Evocations


You had 16 spell levels left.
You knew the following spells:

 Your Spells              Type           Power      Damage    Failure   Level
a - Shock                 Conj/Air       100%       1d9       1%          1
b - Static Discharge      Conj/Air       35%        N/A       1%          2
c - Swiftness             Air            38%        N/A       1%          3
d - Airstrike             Air            19%        N/A       3%          4
e - Blink                 Tloc           58%        N/A       1%          2

Your spell library contained the following spells:

 Spells                   Type           Power      Damage    Failure   Level
 Magic Dart               Conj           100%       1d8       1%          1
 Searing Ray              Conj           62%        2d6       1%          2
 Fulminant Prism          Conj/Hex       15%        3d11      8%          4
 Manifold Assault         Tloc           29%        N/A       22%         5
 Storm Form               Tmut/Air       17%        N/A       99%         7


Dungeon Overview and Level Annotations

Branches:
Dungeon (8/15)             Temple (0/1) D:5            Lair (2/6) D:8
Ossuary (visited)          Bailey (visited)
  Swamp: Lair:2-4    Shoals: Lair:2-4     Snake: Lair:2-4    Spider: Lair:2-4

Altars:
Dithmenos
Fedhas
Kikubaaqudgha
Makhleb
Nemelex Xobeh
Sif Muna
Trog
Xom
Zin
The Shining One

Shops:
D:1 =

Annotations:
D:8 2 transporters, Eringya's ghost, journeyman OpCj


Innate Abilities, Weirdness & Mutations

You have very sharp teeth.
Your uncanny sense of smell can sniff out nearby items.
Your experience applies equally to all skills.


Message History

A seven-headed hydra comes into view.
The five-headed hydra barely misses you.
The five-headed hydra bites you but does no damage.
The five-headed hydra bites you.
The five-headed hydra closely misses you.
The five-headed hydra completely misses you.
As you read the scroll of teleportation, it crumbles to dust.
You feel strangely unstable.
The five-headed hydra completely misses you.
The five-headed hydra bites you! x2
The five-headed hydra bites you but does no damage.
The five-headed hydra closely misses you.
The seven-headed hydra roars!
You hear a bellow!
The five-headed hydra attacks as you move away!
The five-headed hydra bites you! x2
* * * LOW HITPOINT WARNING * * *
The five-headed hydra bites you.
* * * LOW HITPOINT WARNING * * *
The five-headed hydra misses you. x2
Casting: Blink (safe; 1% risk of failure)
Confirm with . or Enter, or press ? or * to list all spells.
You blink.
Okay, then.
Unknown command.
Unknown command.
Okay, then.
Unknown command.
The seven-headed hydra attacks as you move away!
The seven-headed hydra closely misses you.
The seven-headed hydra bites you but does no damage.
The seven-headed hydra bites you.
* * * LOW HITPOINT WARNING * * *
The seven-headed hydra bites you but does no damage. x3
The seven-headed hydra bites you.
* * * LOW HITPOINT WARNING * * *
The five-headed hydra attacks as you move away!
The five-headed hydra completely misses you.
The five-headed hydra bites you!
You die...

#####################.........##
...♣#...............#..........#
≈≈≈.#.♣♣♣♣♣...♣♣♣♣♣[#..#...+#.##
.≈≈...♣ ♣.♣.♣ ♣.#.#.......#
..♣♣#.♣♣♣♣♣...♣♣♣♣♣.#.........#
♣♣♣ #...............#.#.......#
########.########.......#.P#
♣.♣....♣♣#.#.....#.##
♣.♣.♣.@D.♣#.#.....# .
♣♣♣♣♣.D...# ......+ ∆
♣....♣#.##.#PP. ♣....♣♣ ♣♣#### ∆
∆


You could see a seven-headed hydra and a five-headed hydra.

Vanquished Creatures
  A two-headed ogre (Bailey)
  2 elephants (Lair:2)
  6 cane toads
  5 komodo dragons
  A troll (D:8)
  A blink frog (Lair:2)
  3 spriggans (Bailey)
  2 wyverns
  16 yaks
  Eustachio (D:4)
  3 steam dragons
  Duvessa (D:4)
  7 water moccasins
  4 ice beasts
  A sky beast (D:7)
  10 ogres
  6 wolves
  5 bullfrogs
  A gnoll sergeant (D:8)
  A necrophage (D:8)
  13 scorpions
  Dowan (D:4)
  2 jellies
  2 electric eels (Lair:1)
  2 howler monkeys (D:7)
  The ghost of hgbash the Chiller, a weakling GrIE (D:3)
  A centaur zombie (Ossuary)
  2 human zombies (Ossuary)
  3 hounds
  An orc priest (D:8)
  4 scorpion zombies (Ossuary)
  Jessica (D:3)
  4 iguanas
  An orc wizard (D:8)
  A hell rat (Lair:2)
  4 mummies
  Robin (D:3)
  3 gnolls (D:8)
  8 adders
  2 white imps (D:6)
  An ufetubus (D:7)
  2 dart slugs
  14 orcs
  6 endoplasms
  4 giant cockroaches
  A gnoll zombie (Ossuary)
  13 goblins
  10 hobgoblins
  4 jackals (D:1)
  11 kobolds
  A quokka (D:4)
  6 ball pythons
  2 bats
  6 goblin zombies (Ossuary)
  A hobgoblin zombie (Ossuary)
  2 kobold zombies (Ossuary)
  3 orc zombies
  3 rats
  4 fungi
  8 plants
236 creatures vanquished.

Notes
Turn   | Place    | Note
-------+----------+-------------------------------------------
     0 | D:1      | jfcaron the Gnoll Air Elementalist began the quest for the
                  | Orb.
     0 | D:1      | Reached XP level 1. HP: 13/13 MP: 6/6
   136 | D:1      | Found Zakluth's Jewellery Emporium.
   229 | D:1      | Reached XP level 2. HP: 19/19 MP: 4/7
   705 | D:1      | Found a faded altar of an unknown god.
   709 | D:1      | Reached XP level 3. HP: 25/25 MP: 6/9
   713 | D:1      | Prayed at the altar of an unknown god.
   713 | D:1      | Became a worshipper of the Shining One
   713 | D:1      | Reached * piety under the Shining One
   848 | D:1      | Reached skill level 5 in Spellcasting
  1124 | D:2      | Learned a level 2 spell: Static Discharge
  1128 | D:2      | Learned a level 3 spell: Swiftness
  1406 | D:2      | Found a shimmering altar of Xom.
  1443 | D:2      | Reached skill level 1 in Invocations
  1679 | D:2      | Reached skill level 1 in Fighting
  1679 | D:2      | Reached skill level 1 in Short Blades
  1679 | D:2      | Reached skill level 1 in Long Blades
  1679 | D:2      | Reached skill level 1 in Axes
  1679 | D:2      | Reached skill level 1 in Maces & Flails
  1679 | D:2      | Reached skill level 1 in Polearms
  1679 | D:2      | Reached skill level 1 in Staves
  1679 | D:2      | Reached skill level 1 in Slings
  1679 | D:2      | Reached skill level 1 in Bows
  1679 | D:2      | Reached skill level 1 in Crossbows
  1679 | D:2      | Reached skill level 1 in Throwing
  1679 | D:2      | Reached skill level 1 in Armour
  1679 | D:2      | Reached skill level 1 in Shields
  1679 | D:2      | Reached skill level 1 in Unarmed Combat
  1679 | D:2      | Reached skill level 1 in Evocations
  1686 | D:2      | Reached XP level 4. HP: 26/32 MP: 2/11
  1740 | D:2      | Learned a level 4 spell: Airstrike
  2306 | D:3      | Noticed Robin
  2316 | D:3      | Killed Robin
  2440 | D:3      | Reached skill level 1 in Hexes
  2440 | D:3      | Reached skill level 1 in Summonings
  2440 | D:3      | Reached skill level 1 in Necromancy
  2440 | D:3      | Reached skill level 1 in Translocations
  2440 | D:3      | Reached skill level 1 in Transmutations
  2440 | D:3      | Reached skill level 1 in Fire Magic
  2440 | D:3      | Reached skill level 1 in Ice Magic
  2440 | D:3      | Reached skill level 1 in Earth Magic
  2440 | D:3      | Reached skill level 1 in Poison Magic
  2497 | D:3      | Noticed Jessica
  2501 | D:3      | Killed Jessica
  2502 | D:3      | Reached XP level 5. HP: 28/37 MP: 5/12
  2712 | D:3      | Found a bloodstained altar of Trog.
  3188 | D:3      | Found a runed translucent gate.
  3189 | D:3      | Found a runed translucent gate.
  3190 | D:3      | Found a runed translucent gate.
  3217 | D:3      | Noticed hgbash's ghost (weakling GrIE)
  3405 | D:4      | Noticed Duvessa
  3408 | D:4      | Noticed Dowan
  3416 | D:4      | Killed Duvessa
  3416 | D:4      | Killed Dowan
  3417 | D:4      | Reached skill level 5 in Dodging
  3417 | D:4      | Reached XP level 6. HP: 24/44 MP: 1/14
  3620 | D:4      | Found a glowing silver altar of Zin.
  3620 | D:4      | Noticed Eustachio
  3891 | D:4      | Fell from the grace of the Shining One
  3891 | D:4      | Became a worshipper of Zin the Law-Giver
  3891 | D:4      | Reached * piety under Zin
  3901 | D:4      | Killed Eustachio
  3902 | D:4      | Reached XP level 7. HP: 25/50 MP: 2/15
  4096 | D:4      | Identified the +1 robe "Donauxuk" {rElec rF+ Slay+3}
  4897 | D:5      | Entered Level 5 of the Dungeon
  4897 | D:5      | Found a staircase to the Ecumenical Temple.
  5005 | D:5      | Reached skill level 5 in Stealth
  5174 | D:5      | Reached XP level 8. HP: 57/57 MP: 10/16
  5321 | D:5      | Found a sparkling altar of Nemelex Xobeh.
  5733 | D:5      | Found an ancient bone altar of Kikubaaqudgha.
  5753 | D:5      | Reached ** piety under Zin
  6059 | D:6      | Found a sand-covered staircase.
  6064 | Ossuary  | Entered an ossuary
  6417 | Ossuary  | Reached XP level 9. HP: 65/65 MP: 14/18
  7146 | D:6      | Found a burning altar of Makhleb.
  7654 | D:6      | Reached *** piety under Zin
  8190 | D:7      | Reached skill level 5 in Invocations
  8522 | D:7      | Found a shadowy altar of Dithmenos.
  8522 | D:7      | Found a shimmering altar of Xom.
  8523 | D:7      | Found a shimmering blue altar of Sif Muna.
  8533 | D:7      | Found a blossoming altar of Fedhas.
  8791 | D:8      | Found a flagged portal.
  8799 | Bailey   | Entered a bailey
  8881 | Bailey   | Reached XP level 10. HP: 70/73 MP: 8/20
  8893 | Bailey   | Noticed a two-headed ogre
  8901 | Bailey   | Killed a two-headed ogre
  8902 | Bailey   | Reached skill level 5 in Fighting
  8902 | Bailey   | Reached skill level 5 in Short Blades
  8902 | Bailey   | Reached skill level 5 in Long Blades
  8902 | Bailey   | Reached skill level 5 in Axes
  8902 | Bailey   | Reached skill level 5 in Maces & Flails
  8902 | Bailey   | Reached skill level 5 in Polearms
  8902 | Bailey   | Reached skill level 5 in Staves
  8902 | Bailey   | Reached skill level 5 in Slings
  8902 | Bailey   | Reached skill level 5 in Bows
  8902 | Bailey   | Reached skill level 5 in Crossbows
  8902 | Bailey   | Reached skill level 5 in Throwing
  8902 | Bailey   | Reached skill level 5 in Armour
  8902 | Bailey   | Reached skill level 5 in Shields
  8902 | Bailey   | Reached skill level 5 in Unarmed Combat
  8902 | Bailey   | Reached skill level 5 in Evocations
  9485 | D:8      | Found a staircase to the Lair.
  9529 | D:8      | Reached skill level 5 in Conjurations
 10291 | D:8      | Noticed Eringya's ghost (journeyman OpCj)
 10300 | D:8      | Found a transporter.
 10301 | D:8      | Found a transporter.
 10555 | D:1      | Bought an amulet of magic regeneration for 300 gold pieces
 10637 | D:3      | Killed hgbash's ghost
 10812 | Lair:1   | Entered Level 1 of the Lair of Beasts
 10882 | Lair:1   | Noticed a cane toad
 10902 | Lair:1   | Killed a cane toad
 11141 | Lair:1   | Reached XP level 11. HP: 70/81 MP: 8/22
 11308 | Lair:1   | Identified the +1 robe of the Elven Halls {Str+2 Dex+3
                  | Slay+3}
 11317 | Lair:1   | Reached **** piety under Zin
 11460 | Lair:1   | Reached skill level 5 in Hexes
 11460 | Lair:1   | Reached skill level 5 in Summonings
 11460 | Lair:1   | Reached skill level 5 in Necromancy
 11460 | Lair:1   | Reached skill level 5 in Translocations
 11460 | Lair:1   | Reached skill level 5 in Transmutations
 11460 | Lair:1   | Reached skill level 5 in Fire Magic
 11460 | Lair:1   | Reached skill level 5 in Ice Magic
 11460 | Lair:1   | Reached skill level 5 in Earth Magic
 11460 | Lair:1   | Reached skill level 5 in Poison Magic
 12981 | Lair:2   | Learned a level 2 spell: Blink
 14083 | Lair:2   | Reached XP level 12. HP: 44/89 MP: 19/24
 14311 | Lair:2   | Noticed a five-headed hydra
 14316 | Lair:2   | Noticed a seven-headed hydra
 14321 | Lair:2   | HP: 14/89 [seven-headed hydra (5)]
 14321 | Lair:2   | Slain by a five-headed hydra

Illustrated notes

Levels and vault maps discovered:
D:1:      kennysheep_arrival_seaside, layout_basic,
          dreamdust_ecumenical_altar_angels_and_demons, serial_shops,
          nicolae_shop_hallway_stairs
D:2:      layout_basic, basic_altar, due_unseen_surprise
D:3:      layout_loops_cross, mainiacjoe_overflow_six_doors_small,
          ebering_ghost_rock_garden, uniq_jessica, uniq_robin
D:4:      layout_basic, zin_scriptorium, uniq_eustachio, uniq_duvessa
D:5:      layout_rooms, lemuel_tele_altar, general_overflow_altar,
          minmay_temple_entry_mini_moons
D:6:      layout_gridville, nicolae_overflow_hidden_temple,
          mainiacjoe_overflow_boulevard, nicolae_ossuary_entry_giza
D:7:      layout_rooms, nicolae_overflow_quartered_altars
D:8:      layout_cave_pools, lair_entry_dummy, gammafunk_ghost_hive,
          enter_bailey_2
Lair:1:   layout_gridlike, grunt_megastairs_3, serial_bayou_shore_a
Lair:2:   nzn_winding_woodlands_huge [nzn_winding_woodlands_5x15_cabin,
          nzn_winding_woodlands_5x15_sawtooth,
          nzn_winding_woodlands_5x15_crooked, nzn_winding_woodlands_5x15_pool,
          nzn_winding_woodlands_5x15_zeroes, nzn_winding_woodlands_5x15_eye,
          nzn_winding_woodlands_5x15_split_checker,
          nzn_winding_woodlands_5x15_pathside_ponds,
          nzn_winding_woodlands_5x15_concentric,
          nzn_winding_woodlands_5x15_parted,
          nzn_winding_woodlands_center_diamonds,
          nzn_winding_woodlands_center_lodge,
          nzn_winding_woodlands_15x15_killbox], layout_chaotic_city

Skill      XL: |  1  2  3  4  5  6  7  8  9 10 11 |
---------------+----------------------------------+-----
Conjurations   | 2 3 4 5 6 |  6.1
Spellcasting   | 5 6 7 8 |  8.6
Invocations    | 1 2 3 4 5 6 7 |  7.5
Fighting       | 1 2 3 4 5 6 |  6.8
Short Blades   | 1 2 3 4 5 6 |  6.8
Long Blades    | 1 2 3 4 5 6 |  6.8
Axes           | 1 2 3 4 5 6 |  6.8
Maces & Flails | 1 2 3 4 5 6 |  6.8
Polearms       | 1 2 3 4 5 6 |  6.8
Staves         | 1 2 3 4 5 6 |  6.8
Slings         | 1 2 3 4 5 6 |  6.8
Bows           | 1 2 3 4 5 6 |  6.8
Crossbows      | 1 2 3 4 5 6 |  6.8
Throwing       | 1 2 3 4 5 6 |  6.8
Armour         | 1 2 3 4 5 6 |  6.8
Shields        | 1 2 3 4 5 6 |  6.8
Unarmed Combat | 1 2 3 4 5 6 |  6.8
Evocations     | 1 2 3 4 5 6 |  6.8
Hexes          | 1 2 3 4 5 |  5.6
Summonings     | 1 2 3 4 5 |  5.6
Necromancy     | 1 2 3 4 5 |  5.6
Translocations | 1 2 3 4 5 |  5.6
Transmutations | 1 2 3 4 5 |  5.6
Fire Magic     | 1 2 3 4 5 |  5.6
Ice Magic      | 1 2 3 4 5 |  5.6
Earth Magic    | 1 2 3 4 5 |  5.6
Poison Magic   | 1 2 3 4 5 |  5.6
Dodging        | 5 6 7 8 |  8.3
Stealth        | 5 6 7 8 |  8.1
Air Magic      | 6 7 8 |  8.0

Action                   |  1- 3 |  4- 6 |  7- 9 | 10-12 || total
-------------------------+-------+-------+-------+-------++-------
Melee: Dagger            |     8 |     1 |    29 |    56 ||    94
       Bite              |     2 |       |     4 |     5 ||    11
       Punch             |       |       |       |     2 ||     2
Throw: Dart              |       |     1 |    28 |     4 ||    33
 Cast: Shock             |    62 |    67 |   129 |    95 ||   353
       Static Discharge  |     2 |    16 |    56 |    50 ||   124
       Airstrike         |       |       |    24 |    35 ||    59
       Blink             |       |       |       |     3 ||     3
Evoke: Wand              |       |     2 |       |    20 ||    22
  Use: Scroll            |       |    10 |     7 |     4 ||    21
       Potion            |       |       |     1 |     1 ||     2
 Stab: Sleeping          |       |       |     6 |     6 ||    12
Armor: Robe              |     2 |     3 |    14 |    36 ||    55
Dodge: Dodged            |    12 |    15 |    40 |   102 ||   169

Table legend: (Time is in decaauts)
 A = Elapsed time spent in this place.
 B = Non-inter-level travel time spent in this place.
 C = Inter-level travel time spent in this place.
 D = Time resting spent in this place.
 E = Time spent auto-exploring this place.
 F = Levels seen in this place.
 G = Mean time per level.
                   A        B        C        D        E       F      G
               +--------+--------+--------+--------+--------+-----+--------+
         Total |  14343 |  13460 |    883 |   4445 |   7087 |  12 | 1195.2 |
       Dungeon |   9484 |   8644 |    840 |   1998 |   5547 |   8 | 1185.5 |
          Lair |   3374 |   3332 |     42 |   1585 |   1345 |   2 | 1687.0 |
       Ossuary |    904 |    904 |      0 |    493 |    105 |   1 |  904.0 |
        Bailey |    579 |    579 |      0 |    369 |     88 |   1 |  579.0 |
               +--------+--------+--------+--------+--------+-----+--------+

Top non-repeatable levels by time:
     D:4: 1886 daAuts
  Lair:2: 1846 daAuts
  Lair:1: 1528 daAuts
     D:2: 1357 daAuts
     D:6: 1164 daAuts
     D:1: 1154 daAuts
     D:8: 1029 daAuts
     D:3: 1002 daAuts
     D:5: 987 daAuts
 Ossuary: 904 daAuts
     D:7: 902 daAuts
  Bailey: 579 daAuts
